 Dungeon Crawl Stone Soup version 0.30.1-11-g7821555f0a (webtiles) character file.

Game seed: 18057239211999886433

68 Kallu the Firebug (level 4, -5/30 HPs)
             Began as a Demonspawn Fire Elementalist on Jan 15, 2024.
             Slain by an orc
             ... wielding a +1 mace of holy wrath
              (7 damage)
             ... on level 3 of the Dungeon.
             The game lasted 00:03:49 (2440 turns).

Kallu the Firebug (Demonspawn Fire Elementalist)    Turns: 2440, Time: 00:03:50

Health: -5/30      AC:  4    Str:  8    XL:     4   Next: 1%
Magic:  0/7        EV: 12    Int: 18    God:
Gold:   148        SH:  0    Dex: 14    Spells: 2/8 levels left

rFire   . . .        h - staff of poison
rCold   . . .        (no shield)
rNeg    + . .        a - +0 robe
rPois   +            (helmet restricted)
rElec   .            (no cloak)
rCorr   .            (no gloves)
SInv    .            (no boots)
Will    .....        (no amulet)
Stlth   ++           d - ring of positive energy
HPRegen 0.25/turn    (no ring)
MPRegen 0.20/turn

%: no passive effects
@: no status effects
A: horns 1, molten scales 1, magic regeneration
a: no special abilities


You were on level 3 of the Dungeon.
You visited 1 branch of the dungeon, and saw 3 of its levels.

You collected 148 gold pieces.

Inventory:

Missiles
 m - 6 datura-tipped darts
Armour
 a - a +0 robe (worn)
Magical Staves
 h - a staff of poison (weapon)
 i - a staff of air
Jewellery
 d - a ring of positive energy (left hand)
Scrolls
 e - 2 scrolls of fear {unknown}
 f - 3 scrolls of teleportation {unknown}
 g - a scroll of torment {unknown}
 j - 2 scrolls of identify {unknown}
 n - 3 scrolls of vulnerability {unknown}
 o - a scroll of summoning {unknown}
 q - a scroll of enchant weapon {unknown}
Potions
 b - a potion of magic
 c - a potion of resistance {unknown}
 k - a potion of curing {unknown}
 l - a potion of flight {unknown}
 p - a potion of attraction {unknown}


   Skills:
 - Level 1.7 Dodging
 - Level 1.7 Stealth
 + Level 2.6 Spellcasting
 - Level 1.0 Conjurations
 - Level 4.1 Fire Magic


You had 2 spell levels left.
You knew the following spells:

 Your Spells              Type           Power      Damage    Failure   Level
a - Foxfire               Conj/Fire      44%        2x1d6     6%          1
b - Scorch                Fire           34%        2d6       4%          2
c - Volatile Blastmotes   Fire/Tloc      18%        2d11      22%         3

Your spell library contained the following spells:

 Spells                   Type           Power      Damage    Failure   Level
 Static Discharge         Conj/Air       8%         2-3/arc   22%         2
 Sublimation of Blood     Necr           2%         N/A       26%         2
 Wereblood                Tmut           2%         N/A       26%         2
 Inner Flame              Hex/Fire       9%         N/A       22%         3
 Flame Wave               Conj/Fire      11%        2d6       52%         4
 Airstrike                Air            1%         2d(1-17)  86%         4
 Summon Lightning Spire   Summ/Air       2%         N/A       86%         4
 Summon Hydra             Summ           1%         N/A       100%        7


Dungeon Overview and Level Annotations

Branches:
Dungeon (3/15)

Altars:
Gozag
Ru
Sif Muna
Wu Jian


Innate Abilities, Weirdness & Mutations

You have a pair of small horns on your head.
You are partially covered in molten scales. (AC +2)
You regenerate magic rapidly.


Message History

The foxfire hits the orc.
The orc is almost dead.
You are out of magic!
You are out of magic!
Unknown command.
The foxfire hits the orc.
You kill the orc!
The foxfire hits the orc but does no damage.
You have reached level 4!
You feel agile.
Your demonic ancestry asserts itself...
A pair of horns grows on your head!
You hit the orc.
The orc is lightly wounded.
The orc hits you with a +0 falchion.
You hit the orc but do no damage. Your headbutt misses the orc.
The orc is lightly wounded.
The orc hits you with a +0 falchion.
The orc hits you with a +1 mace of holy wrath.
You convulse.
There are monsters nearby!
You conjure some foxfire!
The orc hits you but does no damage.
The orc hits you with a +1 mace of holy wrath.
You convulse.
Unknown command.
The foxfire hits the orc.
The orc is heavily wounded.
The foxfire hits the orc.
The orc is severely wounded.
The orc attacks as you move away! The orc hits you with a +0 falchion.
You are too injured to fight recklessly!
Unknown command.
Casting: Foxfire (safe; 6% risk of failure)
Press: ? - help, Q - select action, (/) - cycle Dir - look around, f - activate You conjure some foxfire!
The orc hits you with a +0 falchion.
* * * LOW HITPOINT WARNING * * *
The orc hits you with a +1 mace of holy wrath.
* * * LOW HITPOINT WARNING * * *
You convulse!
You die...

........#.....#
.........................
..........##.#.#)........#
.....##...##...#.(.......#.
##...#..........)..........
..........####...........###
.#..##.###.....#........)...
.#.###..##.# #.#vo..).......
.#.# ##....###..@o.........#
...# ###.....##v........#
..#######.#...8#8....)...#
.............#####.....###
..#####.....+#.#.#'..###
#.....(....##..#..##.#
#.........8#.._#_..#8#
##........############
#........8#.._#_..#


You could see 2 orcs.

Vanquished Creatures
  A worm (D:2)
  2 orcs (D:3)
  4 ball pythons
  5 bats
  9 endoplasms
  A giant cockroach (D:1)
  3 goblins
  6 hobgoblins
  8 kobolds
  6 quokkas
  7 frilled lizards
  6 rats
58 creatures vanquished.

Vanquished Creatures (collateral kills)
  2 foxfires (D:1)
2 creatures vanquished.

Vanquished Creatures (others)
  154 foxfires
154 creatures vanquished.

Grand Total: 214 creatures vanquished

Notes
Turn   | Place    | Note
-------+----------+-------------------------------------------
     0 | D:1      | Kallu the Demonspawn Fire Elementalist began the quest for
                  | the Orb.
     0 | D:1      | Reached XP level 1. HP: 13/13 MP: 3/3
   183 | D:1      | Reached skill level 3 in Fire Magic
   290 | D:1      | Gained mutation: You regenerate magic rapidly. [demonic
                  | ancestry]
   290 | D:1      | Reached XP level 2. HP: 19/19 MP: 1/5
   950 | D:2      | Found a faded altar of an unknown god.
  1151 | D:2      | Gained mutation: You are partially covered in molten
                  | scales. (AC +2) [demonic ancestry]
  1151 | D:2      | Reached XP level 3. HP: 24/24 MP: 0/6
  1154 | D:2      | Learned a level 2 spell: Scorch
  1330 | D:2      | Reached skill level 4 in Fire Magic
  1589 | D:2      | Learned a level 3 spell: Volatile Blastmotes
  2396 | D:3      | Found a sacrificial altar of Ru.
  2396 | D:3      | Found an opulent altar of Gozag.
  2397 | D:3      | Found a shimmering blue altar of Sif Muna.
  2421 | D:3      | Found an ornate altar of the Wu Jian Council.
  2433 | D:3      | Gained mutation: You have a pair of small horns on your
                  | head. [demonic ancestry]
  2433 | D:3      | Reached XP level 4. HP: 30/30 MP: 1/7
  2440 | D:3      | Slain by an orc

Illustrated notes

Levels and vault maps discovered:
D:1:      dpeg_arrival_oval, layout_basic, minmay_3d_cube
D:2:      kb_forest_paths, layout_basic, ebering_ecumenical_altar_ruins
D:3:      layout_rooms, nicolae_overflow_quartered_altars

Skill      XL: |  1  2  3 |
---------------+----------+-----
Fire Magic     | 3 4 |  4.1
Dodging        | |  1.7
Stealth        | |  1.7
Spellcasting   | |  2.6
Conjurations   | |  1.0

Action                     |  1- 3 |  4- 6 || total
---------------------------+-------+-------++-------
  Melee: Unarmed           |    12 |       ||    12
         Staff             |    14 |     2 ||    16
   Cast: Foxfire           |    94 |     2 ||    96
         Scorch            |    11 |       ||    11
 Armour: Robe              |    15 |     1 ||    16
  Dodge: Dodged            |    51 |       ||    51
